 Dungeon Crawl Stone Soup version 0.25-a0-424-g80bd347ae0 (webtiles) character file.

Game seed: 12689952198344806296, levelgen mode: deterministic

150 MisterFreud the Slasher (level 5, -9/36 HPs)
             Began as an Octopode Abyssal Knight on Jan 20, 2020.
             Was a Priest of Lugonu.
             Killed from afar by an orc wizard (11 damage)
             ... with a magic dart
             ... on level 3 of the Dungeon.
             The game lasted 00:04:30 (2737 turns).

MisterFreud the Slasher (Octopode Abyssal Knight)   Turns: 2737, Time: 00:04:30

Health: -9/36      AC:  1    Str: 12    XL:     5   Next: 32%
Magic:  6/6        EV: 14    Int: 14    God:    Lugonu [***...]
Gold:   149        SH:  0    Dex: 12    Spells: 4/4 levels left

rFire    . . .     SeeInvis .   a - +1 falchion
rCold    . . .     Gourm    .   (no shield)
rNeg     . . .     Faith    .   (helmet restricted)
rPois    .         Spirit   .   (no amulet)
rElec    .         Reflect  .   (no ring)
rCorr    .         Harm     .   (no ring)
MR       .....                  (no ring)
Stlth    +++.......             (no ring)
HPRegen  0.12/turn              (no ring)
MPRegen  0.10/turn              (no ring)
                                (no ring)
                                (no ring)

@: no status effects
A: almost no armour, stealthy swim, amphibious, 8 rings, constrict 8, camouflage
1, gelatinous body 1
a: Depart the Abyss, Bend Space, Banish, Renounce Religion


You were on level 3 of the Dungeon.
You worshipped Lugonu.
Lugonu was most pleased with you.
You were hungry.

You visited 1 branch of the dungeon, and saw 4 of its levels.
You visited the Abyss 1 time.

You collected 149 gold pieces.

Inventory:

Hand Weapons
 a - a +1 falchion (weapon)
Missiles
 e - 126 stones (quivered)
 k - 78 arrows
 l - 56 bolts
 p - 28 sling bullets
 v - 22 poisoned darts
 x - 4 boomerangs
Armour
 d - a +0 buckler
Scrolls
 c - a scroll of identify
 g - 2 scrolls of teleportation
 h - a scroll of fog {unknown}
 m - a scroll of remove curse
 n - a scroll of amnesia {unknown}
 o - 3 scrolls of enchant weapon {unknown}
 u - a scroll of noise {unknown}
Potions
 f - a potion of brilliance {unknown}
 i - a potion of agility
 j - a potion of invisibility
 q - 2 potions of magic
 r - a potion of mutation
 s - a potion of might
 t - 2 potions of cancellation
 w - a potion of curing {unknown}
Comestibles
 b - 5 rations


   Skills:
 - Level 3.3 Fighting
 + Level 4.8 Long Blades
 - Level 2.6 Dodging
 + Level 2.2 Invocations


You had 4 spell levels left.
You didn't know any spells.
Your spell library was empty.

Dungeon Overview and Level Annotations

Branches:
Dungeon (4/15)
 Temple: D:4-7

Altars:
The Shining One


Innate Abilities, Weirdness & Mutations

You cannot wear most types of armour.
You are very stealthy in the water. (Stealth+)
You are amphibious.
You can wear up to eight rings at the same time.
You can use your tentacles to constrict eight enemies at once.
Your skin changes colour to match your surroundings (Stealth+).
Your rubbery body absorbs attacks. (AC +1, EV +1)


Message History

(D) Dungeon
Where to? (Enter - D:4 @ (x,y), ? - help)
You are feeling hungry.
x - 4 boomerangs (gained 2)
Found a stone staircase leading down.
There is a stone staircase leading up here.
You climb upwards.
There is a stone staircase leading down here.
The orc wizard is too close now for your liking.
The orc wizard gestures at you while chanting.
The puff of flame hits you!
You see here a stone.
The orc wizard casts a spell at you. The puff of flame hits you.
You are engulfed in a cloud of scalding steam.
You are engulfed in a cloud of scalding steam.
* * * LOW HITPOINT WARNING * * *
The orc wizard points at you and mumbles some strange words.
The magic dart hits you!
You die...

#### #....#
###...######..###
#.......##......# ##
.........###..#.# #.
...≈≈≈....##..#.# #.
..≈≈≈≈≈...#####.# #.
.≈≈(..≈§§....##.# #.
.≈≈.>.≈≈§.......# #.
.≈≈..o≈@§..(.#..# #.
..≈≈≈≈≈...#####.# #.
...≈≈≈....###.#.#######.
.........##.............
#.......##..<...########
###...###.##.#### ####
#####.#.##.# ...#
#.#.##.# ##.# #.#.##.#


You could see an orc wizard.

Vanquished Creatures
  A hound skeleton (D:4)
  6 adders
  A worm (D:2)
  2 dart slugs
  4 leopard geckos
  2 orcs
  6 bats
  4 giant cockroaches
  6 goblins
  11 hobgoblins
  3 jackals (D:1)
  2 quokkas (D:3)
  3 ball pythons
  5 frilled lizards
  6 kobolds
  11 rats
73 creatures vanquished.

Notes
Turn   | Place    | Note
-------+----------+-------------------------------------------
     0 | Abyss:1  | MisterFreud the Octopode Abyssal Knight began the quest for
                  | the Orb.
     0 | Abyss:1  | Reached XP level 1. HP: 16/16 MP: 2/2
    14 | D:1      | Escaped the Abyss
   130 | D:1      | Reached XP level 2. HP: 21/21 MP: 3/3
   466 | D:1      | Reached ** piety under Lugonu
   472 | D:1      | Reached XP level 3. HP: 13/26 MP: 4/4
   800 | D:1      | Reached skill level 3 in Long Blades
  1123 | D:2      | Reached XP level 4. HP: 27/31 MP: 5/5
  1454 | D:2      | Reached skill level 4 in Long Blades
  1785 | D:2      | Found a glowing golden altar of the Shining One.
  2036 | D:3      | Reached XP level 5. HP: 31/36 MP: 6/6
  2043 | D:3      | Reached *** piety under Lugonu
  2086 | D:3      | Found a faded altar of an unknown god.
  2737 | D:3      | Killed from afar by an orc wizard

Levels and vault maps discovered:
D:1:      dpeg_arrival_brainrot, layout_basic, minivault_4,
          minmay_misc_feat_plants
D:2:      layout_loops_ring, lemuel_coloured_pillars_altar
D:3:      layout_loops_ring, tgw_sif, chequers_ecumenical_altar_lobes
D:4:      layout_basic, marbit_many_paths, grunt_temple_overflow_cloverleaf,
          serial_rivers, chequers_serial_rivers_small_3,
          chequers_serial_rivers_micro_c, chequers_serial_rivers_marsh,
          chequers_serial_rivers_marsh, chequers_serial_rivers_small_b,
          uniq_ijyb, uniq_duvessa

Skill      XL: |  1  2  3  4 |
---------------+-------------+-----
Long Blades    | 3 4 |  4.8
Fighting       | |  3.3
Dodging        | |  2.6
Invocations    | |  2.2

Action                   |  1- 3 |  4- 6 || total
-------------------------+-------+-------++-------
Melee: Falchion          |    53 |    67 ||   120
       Tentacles         |    15 |    14 ||    29
       Constrict         |    21 |    19 ||    40
Throw: Stone             |       |     3 ||     3
  Use: Scroll            |       |     8 ||     8
 Stab: Sleeping          |     2 |     7 ||     9
  Eat: Chunk             |     1 |     4 ||     5
Armor: Skin              |     7 |     2 ||     9
Dodge: Dodged            |    43 |    39 ||    82
       Rpst.: Falchion   |    13 |    12 ||    25

Table legend:
 A = Non-vault XP
 B = Vault XP
 C = Vault XP percentage of total XP
 D = Non-vault monster count
 E = Vault monster count
 F = Vault count percentage of total count
                 A         B        C        D         E       F
            +---------+---------+-------+---------+---------+-------
      Total |     213 |       2 |   0.9 |      72 |       1 |   1.4
            +---------+---------+-------+---------+---------+-------
        D:1 |      43 |       2 |   4.4 |      26 |       1 |   3.7
        D:2 |      91 |       0 |   0.0 |      25 |       0 |   0.0
        D:3 |      56 |       0 |   0.0 |      18 |       0 |   0.0
        D:4 |      23 |       0 |   0.0 |       3 |       0 |   0.0
            +---------+---------+-------+---------+---------+-------
